 Dungeon Crawl Stone Soup version 0.31-a0-1626-g5cb510d322 (webtiles) character file.

Game seed: 17403837639306411586

82929 seren the Nimble (level 16, -14/112 HPs)
             Began as a Djinni Hedge Wizard on Jan 9, 2024.
             Was the Champion of Makhleb.
             Demolished by a thorn hunter (15 damage)
             ... on level 2 of the Swamp on Jan 12, 2024.
             The game lasted 03:23:32 (36045 turns).

seren the Nimble (Djinni Hedge Wizard)             Turns: 36045, Time: 03:23:33

Health: -14/112    AC: 11    Str:  7    XL:     16   Next: 22%
Gold:   2059       EV: 20    Int: 23    God:    Makhleb [******] SH:  0 Dex: 20

rFire   + + .        b - staff of alchemy
rCold   . . .        (no shield)
rNeg    . . .        m - +5 leather armour of the Cuttlefish {Rampage rCorr Str-2 Stlth+}
rPois   ∞            c - +0 hat
rElec   .            L - +0 cloak
rCorr   +            Z - +0 pair of gloves
SInv    .            (boots unavailable)
Will    +....        q - amulet of the acrobat
Stlth   ++++         s - +6 ring of dexterity
HPRegen 0.38/turn    w - ring of protection from cold
MPRegen 0.00/turn

%: acrobat, rampage, infuse magic (-15 HP)
@: flying
A: sickness immunity, fire resistance 2, cold vulnerability 1, float, innate
caster, HP casting, extra vitality 1
a: Renounce Religion, Minor Destruction, Lesser Servant of Makhleb, Major
Destruction, Greater Servant of Makhleb


You were on level 2 of the Swamp.
You worshipped Makhleb.
Makhleb was exalted by your worship.
You visited 6 branches of the dungeon, and saw 24 of its levels.
You also visited: Volcano.

You collected 2481 gold pieces.
You spent 422 gold pieces at shops.

Inventory:

Hand Weapons
 a - the +1 short sword of True Grit {protect, rElec rPois rN+ SInv}
   (You bought it in a shop on level 2 of the Orcish Mines)

   rElec:     It insulates you from electricity.
   rPois:     It protects you from poison rN+: It protects you from negative
   energy.
   SInv:      It lets you see invisible.
 P - a +3 spectral quarterstaff
Missiles
 t - 2 datura-tipped darts
 M - 2 throwing nets (quivered) {!f}
 S - 5 curare-tipped darts
 U - 4 atropa-tipped darts
Armour
 c - a +0 hat (worn)
 g - a +2 leather armour of cold resistance
 m - the +5 leather armour of the Cuttlefish (worn) {Rampage rCorr Str-2 Stlth+}
   (You found it on level 3 of the Lair of Beasts)

   Str-2:     It affects your strength (-2).
   rCorr:     It protects you from acid and corrosion.
   Rampage:   It bestows one free step when moving towards enemies.
   Stlth+:    It makes you more stealthy.
 L - a +0 cloak (worn)
 Z - a +0 pair of gloves (worn)
Magical Staves
 b - a staff of alchemy (weapon)
Jewellery
 q - an amulet of the acrobat (around neck)
 s - a +6 ring of dexterity (left hand)
 w - a ring of protection from cold (right hand)
 K - a ring of ice
 O - the ring of Iquzafre {Fire rCorr Slay+3}
   (You found it on level 7 of the Dungeon)

   [ring of fire]

   Fire:      It enhances your fire magic.
   Slay+3:    It affects your accuracy & damage with ranged weapons and melee
   (+3).
   rF+:       It protects you from fire.
   rC-:       It makes you vulnerable to cold.
   rCorr:     It protects you from acid and corrosion.
 Q - a +6 ring of dexterity
 T - an amulet of faith
Wands
 x - a wand of paralysis (31)
 D - a wand of polymorph (1)
 E - a wand of iceblast (21)
 R - a wand of digging (2)
 V - a wand of mindburst (18)
 W - a wand of flame (14)
Scrolls
 f - a scroll of amnesia {unknown}
 h - 3 scrolls of blinking {!r}
 j - a scroll of noise {unknown}
 n - 2 scrolls of teleportation {!r}
 p - a scroll of acquirement {unknown}
 u - a scroll of immolation {unknown}
 v - 3 scrolls of fear
 y - a scroll of enchant weapon {unknown}
 B - 2 scrolls of butterflies
 F - a scroll of revelation
 G - 2 scrolls of silence
 I - 2 scrolls of fog
 J - a scroll of poison {unknown}
 X - a scroll of torment {unknown}
Potions
 d - 3 potions of brilliance
 e - 3 potions of lignification
 i - 7 potions of curing
 k - 3 potions of enlightenment
 l - 4 potions of resistance
 o - a potion of mutation {!q}
 z - a potion of ambrosia {unknown}
 A - a potion of attraction {unknown}
 C - 2 potions of haste
 H - a potion of berserk rage {unknown}
 N - a potion of might {unknown}


   Skills:
 + Level 9.4 Fighting
 * Level 8.3 Staves
 + Level 7.8 Armour
 + Level 13.1 Dodging
 - Level 6.0 Stealth
 + Level 12.3 Spellcasting
 + Level 12.3 Conjurations
 + Level 12.3 Hexes
   Level 0.0 Charms
 + Level 12.3 Summonings
 + Level 12.3 Necromancy
 + Level 12.3 Translocations
   Level 0.0 Transmutations
 + Level 12.3 Fire Magic
 + Level 12.3 Ice Magic
 + Level 12.3 Air Magic
 + Level 12.3 Earth Magic
 + Level 12.3 Alchemy
 + Level 11.1 Invocations
 + Level 5.3 Evocations


You knew the following spells:

 Your Spells              Type           Power      Damage    Failure   Level
a - Magic Dart            Conj           100%       1d8       1%          1
b - Slow                  Hex            100%       N/A       1%          1
c - Blink                 Tloc           100%       N/A       1%          2
d - Call Imp              Summ           100%       N/A       1%          2
e - Mephitic Cloud        Conj/Alch/Air  82%        N/A       1%          3
f - Apportation           Tloc           100%       N/A       1%          1
g - Scorch                Fire           100%       2d9       1%          2
h - Confusing Touch       Hex            63%        N/A       1%          3
i - Tukima's Dance        Hex            63%        N/A       1%          3
j - Arcjolt               Conj/Air       31%        1d41      1%          5
k - Freezing Cloud        Conj/Ice/Air   31%        6-21      1%          5
l - Death Channel         Necr           31%        N/A       6%          6
Your spell library was empty.

Dungeon Overview and Level Annotations

Branches:
Dungeon (13/15)            Temple (1/1) D:4            Lair (5/5) D:11
  Swamp (2/4) Lair:3       Spider (1/4) Lair:2        Slime (0/5) Lair:5
    Orc (2/2) D:9             Elf (0/3) Orc:2       Volcano (visited)
 Vaults: D:13-14

Altars:
Ashenzari
Cheibriados
Dithmenos
Elyvilon
Fedhas
Gozag
Hepliaklqana
Makhleb
Nemelex Xobeh
Okawaru
Qazlal
Ru
Trog
Uskayaw
Wu Jian
Xom
Yredelemnul
Zin
The Shining One
Jiyva

Shops:
D:10 (   D:12 [   Orc:2 *((

Annotations:
D:6 2 runed translucent doors, Tenar's ghost, novice DsEE
D:8 vault with catoblepas, exclusion: 2 doors
D:11 skeleton warrior and vampire
D:12 1 runed translucent door, Acagg's ghost, journeyman TeSu; Kirke; Rupert
D:13 exclusion: upstairs, Frances
Lair:1 2 transporters
Lair:5 1 runed translucent door
Swamp:1 exclusion: 2 eleionomae
Swamp:2 2 transporters big vault, exclusion: orange crystal statue


Innate Abilities, Weirdness & Mutations

You are immune to sickness and miasma.
You are immune to poison.
Your flesh is very heat resistant. (rF++)
You are vulnerable to cold. (rC-)
You float through the air rather than walking.
You learn spells naturally, not from books.
Your magical power is your life essence.
You have superior vitality. (+4 MHP)


Message History

The thorn hunter hits you!
* * * LOW HITPOINT WARNING * * *
The thorn hunter hits you!
* * * LOW HITPOINT WARNING * * *
You feel much better. The thorn hunter hits you.
* * * LOW HITPOINT WARNING * * *
The thorn hunter hits you but does no damage.
Casting: Scorch (safe; 1% risk of failure)
Confirm with . or Enter, or press ? or * to list all spells.
Electricity surges outward!
The thorn hunter is struck by an electric surge!
The thorn hunter is severely damaged.
The briar patch is struck by an electric surge!
The briar patch is almost destroyed.
The briar patch is struck by an electric surge!!
You destroy the briar patch!
* * * LOW HITPOINT WARNING * * *
The thorn hunter fires a volley of thorns at you.
The volley of thorns hits you!
* * * LOW HITPOINT WARNING * * *
Casting: Arcjolt (mildly dangerous; 1% risk of failure)
Confirm with . or Enter, or press ? or * to list all spells.
Electricity surges outward!
The thorn hunter is struck by an electric surge!!
The thorn hunter is almost destroyed.
The briar patch is struck by an electric surge!!
You destroy the briar patch!
* * * LOW HITPOINT WARNING * * *
The briar patch crumbles away.
The thorn hunter fires a volley of thorns at you.
The volley of thorns hits you!!
* * * LOW HITPOINT WARNING * * *
Casting: Arcjolt (mildly dangerous; 1% risk of failure)
Confirm with . or Enter, or press ? or * to list all spells.
Electricity surges outward!
The thorn hunter is struck by an electric surge!
The thorn hunter is almost destroyed.
* * * LOW HITPOINT WARNING * * *
The thorn hunter closely misses you. x2; The thorn hunter hits you!
You die...

♣♣~.~.†.~..♣♣♣ ~~§~.
...~~~♣....~~♣ ♣♣..~ ~~~~~
..~~.♣♣....♣♣♣ ♣♣§~♣ .~~~§~
♣♣♣♣♣♣♣♣~~♣♣♣ ♣.~.♣ ♣♣.~~~~~.
♣ ~.....P♣♣♣.§.♣♣♣~.~~~~~.~ ♣
.~~~§~PP.♣....♣♣..~~~~~.~ ♣
~.~~~~§~PP...~~~...~~~..... ♣
♣♣.§~~~~~PP...~~~~..~~~~.)♣
.~.~~~..P..§@f..(.....~~.♣♣
♣♣~~~~..PP~~~...~..§..~~~~.
♣~~~~§~~~.~~~..~~§~~..~.♣
♣♣♣♣♣~~~~~~~.§~~~♣~~~~..~~♣♣
♣♣......~~~♣~....♣♣♣♣...!.~.♣
~.~~~.....~~~♣♣♣♣♣!.~♣♣....♣♣
..~†~~.♣~..♣♣♣ ♣P~~. ♣~...♣
.~~~~~.....♣ ♣P~~~ ♣.....♣
~...~~~..~♣♣ ♣PP~.~ ♣..~~~♣


You could see a thorn hunter (combustible).

Vanquished Creatures
  Jorgrun (Spider:1)
  2 eleionomae
  2 bunyips
  A spark wasp (Spider:1)
  A fire dragon (Lair:5)
  A shambling mangrove (Swamp:1)
  Josephine (D:10)
  4 hydras
  Erolcha (Orc:2)
  5 alligators
  A boulder beetle (Lair:5)
  2 centaur warriors (D:13)
  A catoblepas (Lair:2)
  4 two-headed ogres
  3 orc high priests (Orc:2)
  5 death yaks (Lair:5)
  3 spriggans
  Sonja (D:12)
  4 skeletal warriors (D:11)
  3 skysharks (Lair:5)
  A fire crab (Lair:5)
  A goliath frog (Swamp:1)
  A death drake (Swamp:2)
  A spriggan druid (Swamp:2)
  A lindwurm (Lair:5)
  Pikel (D:9)
  A bog body (Swamp:2)
  3 orc knights
  4 ugly things
  Maurice (D:7)
  4 orc sorcerers
  A manticore (D:11)
  10 elephants
  A cyclops (D:13)
  Joseph (D:8)
  10 black mambas
  2 torpor snails (Lair:3)
  8 cane toads
  2 molten gargoyles (Lair:5)
  An eye of devastation (Lair:4)
  3 rime drakes
  9 komodo dragons
  A yaktaur (D:13)
  4 trolls
  A tyrant leech (Swamp:2)
  2 ice devils (Lair:5)
  A polar bear (Lair:4)
  5 hornets
  6 tarantellas
  9 blink frogs
  2 shadows (D:9)
  A jumping spider (Spider:1)
  4 wyverns
  A slime creature (D:8)
  A vampire (D:11)
  A dancing weapon (Orc:2)
  6 wraiths
  Grum (D:8)
  2 wargs
  51 yaks
  5 steam dragons
  4 vampire mosquitoes
  4 basilisks
  A swamp worm (Swamp:2)
  6 redbacks
  16 water moccasins
  4 hell hounds (Lair:5)
  A swamp drake (Swamp:2)
  4 ice beasts
  4 black bears
  22 orc warriors
  2 sky beasts
  4 ogres
  17 wolves
  4 lemures (D:9)
  4 centaurs
  3 phantoms
  5 kobold brigands
  14 bullfrogs
  A gnoll sergeant (D:7)
  5 scorpions
  5 wights (D:8)
  2 troll zombies (D:9)
  9 killer bees
  6 howler monkeys
  A bombardier beetle (D:5)
  5 lava snakes (Lair:5)
  5 hounds
  5 jellies
  19 orc priests
  A gnoll bouda (Lair:3)
  4 sleepcaps
  3 iguanas
  18 orc wizards
  2 hell rats (Lair:2)
  4 ogre zombies (D:9)
  12 gnolls
  9 adders
  8 river rats (Lair:2)
  2 shadow imps
  4 white imps
  2 ufetubi (D:6)
  3 dart slugs
  A ribbon worm (D:2)
  67 orcs
  5 ball pythons
  5 endoplasms
  A giant cockroach (D:3)
  2 gnoll zombies (D:9)
  7 goblins
  12 hobgoblins
  3 jackals
  26 kobolds
  3 quokkas (D:4)
  6 bats
  4 frilled lizards
  2 gnoll skeletons (D:9)
  3 orc skeletons (D:9)
  12 orc zombies (D:9)
  5 rats
  2 butterflies (Lair:2)
637 creatures vanquished.

Vanquished Creatures (collateral kills)
  A centaur warrior (D:13)
  A skeletal warrior (D:11)
  An orc knight (Orc:2)
  A kobold blastminer (Orc:1)
  5 orc warriors (D:11)
  A phantom (D:9)
  A gnoll sergeant (D:9)
  2 wights (D:8)
  A hound (D:4)
  A gnoll bouda (D:8)
  3 orc priests
  2 orc wizards
  2 gnolls
  4 orcs
  2 kobolds (D:8)
28 creatures vanquished.

Vanquished Creatures (others)
  25 dancing weapons
  A killer bee (D:10)
26 creatures vanquished.

Grand Total: 691 creatures vanquished

Notes
Turn   | Place    | Note
-------+----------+-------------------------------------------
     0 | D:1      | seren the Djinni Hedge Wizard began the quest for the Orb.
     0 | D:1      | seren set off with the following spells memorised: Magic
                  | Dart, Slow, Blink, Call Imp, Mephitic Cloud.
     0 | D:1      | Reached XP level 1. HP: 15/15 MP: 0/0
   105 | D:1      | Reached XP level 2. HP: 19/21 MP: 0/0
   305 | D:1      | Found a faded altar of an unknown god.
   360 | D:1      | Reached XP level 3. HP: 25/26 MP: 0/0
   360 | D:1      | Learned a level 1 spell: Apportation
   917 | D:2      | Reached skill level 1 in Fighting
   987 | D:2      | Reached XP level 4. HP: 19/32 MP: 0/0
  1436 | D:2      | Reached skill level 3 in Dodging
  1883 | D:3      | Noticed a scorpion
  1993 | D:3      | Found a blossoming altar of Fedhas.
  2057 | D:3      | You are sucked into a shaft and drop 1 floor!
  2282 | D:3      | Reached XP level 5. HP: 15/37 MP: 0/0
  2282 | D:3      | Learned a level 2 spell: Scorch
  2534 | D:4      | Found a staircase to the Ecumenical Temple.
  2544 | Temple   | Entered the Ecumenical Temple
  2574 | Temple   | Became a worshipper of Makhleb the Destroyer
  2802 | D:4      | Found an iron altar of Okawaru.
  3088 | D:4      | Reached XP level 6. HP: 40/43 MP: 0/0
  3254 | D:5      | Entered Level 5 of the Dungeon
  3342 | D:5      | Reached skill level 1 in Armour
  3431 | D:5      | Noticed an ice beast
  3816 | D:4      | Reached skill level 4 in Dodging
  3940 | D:4      | Reached XP level 7. HP: 31/49 MP: 0/0
  3940 | D:4      | Learned a level 3 spell: Confusing Touch
  4111 | D:5      | Reached skill level 5 in Dodging
  4127 | D:5      | Reached * piety under Makhleb
  4397 | D:5      | Reached skill level 6 in Dodging
  4592 | D:5      | Reached skill level 7 in Dodging
  4592 | D:5      | Reached XP level 8. HP: 44/54 MP: 0/0
  4707 | D:5      | Reached skill level 8 in Dodging
  5501 | D:6      | Reached XP level 9. HP: 56/61 MP: 0/0
  5501 | D:6      | Learned a level 3 spell: Tukima's Dance
  5510 | D:6      | Found a sacrificial altar of Ru.
  5528 | D:6      | Found a basalt altar of Yredelemnul.
  5576 | D:6      | Found a large runed translucent door.
  5577 | D:6      | Found a large runed translucent door.
  5579 | D:6      | Noticed Tenar's ghost (novice DsEE)
  5981 | D:6      | Reached ** piety under Makhleb
  6362 | D:7      | Noticed Maurice
  6371 | D:7      | Maurice stole 6 boomerangs
  6372 | D:7      | Maurice stole a +3 trident of protection
  6374 | D:7      | Maurice stole a ring of ice
  6375 | D:7      | Killed Maurice
  6376 | D:7      | Reached skill level 9 in Dodging
  6376 | D:7      | Reached skill level 5 in Spellcasting
  6376 | D:7      | Reached skill level 5 in Conjurations
  6376 | D:7      | Reached skill level 5 in Hexes
  6376 | D:7      | Reached skill level 5 in Summonings
  6376 | D:7      | Reached skill level 5 in Necromancy
  6376 | D:7      | Reached skill level 5 in Translocations
  6376 | D:7      | Reached skill level 5 in Fire Magic
  6376 | D:7      | Reached skill level 5 in Ice Magic
  6376 | D:7      | Reached skill level 5 in Air Magic
  6376 | D:7      | Reached skill level 5 in Earth Magic
  6376 | D:7      | Reached skill level 5 in Alchemy
  8028 | D:3      | Reached skill level 1 in Evocations
  8369 | D:7      | Reached skill level 10 in Dodging
  8535 | D:8      | Noticed Grum
  8562 | D:7      | Reached XP level 10. HP: 41/67 MP: 0/0
  8730 | D:8      | Killed Grum
  9886 | D:8      | Reached *** piety under Makhleb
  9904 | D:8      | Noticed Joseph
 10023 | D:7      | Identified the ring of Iquzafre {Fire rCorr Slay+3}
 10174 | D:8      | Reached skill level 5 in Fighting
 10463 | D:8      | Killed Joseph
 11092 | D:8      | Noticed a two-headed ogre
 11336 | D:8      | Killed a two-headed ogre
 11337 | D:8      | Reached skill level 5 in Evocations
 11337 | D:8      | Reached XP level 11. HP: 61/76 MP: 0/0
 11337 | D:8      | Learned a level 5 spell: Arcjolt
 11606 | D:8      | Noticed a cyclops
 11606 | D:8      | Noticed a catoblepas
 11606 | D:8      | Noticed a centaur warrior
 12590 | D:9      | Noticed Pikel
 12890 | D:9      | Killed Pikel
 12891 | D:9      | Reached skill level 11 in Dodging
 12983 | D:9      | Reached **** piety under Makhleb
 13153 | D:9      | Found a hazy altar of Hepliaklqana.
 13158 | D:9      | Found a stormy altar of Qazlal.
 13162 | D:9      | Found a glowing silver altar of Zin.
 13275 | D:9      | Found a staircase to the Orcish Mines.
 14047 | D:10     | Entered Level 10 of the Dungeon
 14612 | D:10     | Found a shadowy altar of Dithmenos.
 14778 | D:10     | Noticed Josephine
 14887 | D:10     | Noticed a two-headed ogre
 14906 | D:10     | Killed a two-headed ogre
 15403 | D:10     | Found Boffoil's Weapon Emporium.
 15936 | D:10     | Killed Josephine
 16578 | D:11     | Reached XP level 12. HP: 58/83 MP: 0/0
 16792 | D:11     | Reached skill level 10 in Spellcasting
 16792 | D:11     | Reached skill level 10 in Conjurations
 16792 | D:11     | Reached skill level 10 in Hexes
 16792 | D:11     | Reached skill level 10 in Summonings
 16792 | D:11     | Reached skill level 10 in Necromancy
 16792 | D:11     | Reached skill level 10 in Translocations
 16792 | D:11     | Reached skill level 10 in Fire Magic
 16792 | D:11     | Reached skill level 10 in Ice Magic
 16792 | D:11     | Reached skill level 10 in Air Magic
 16792 | D:11     | Reached skill level 10 in Earth Magic
 16792 | D:11     | Reached skill level 10 in Alchemy
 17444 | D:11     | Reached skill level 12 in Dodging
 17684 | D:11     | Found a staircase to the Lair.
 17707 | D:11     | Noticed a skeletal warrior
 18087 | D:11     | Reached ***** piety under Makhleb
 18580 | D:11     | Noticed a skeletal warrior
 18644 | D:11     | Noticed a skeletal warrior
 18689 | D:11     | Noticed a skeletal warrior
 18702 | D:11     | Noticed a skeletal warrior
 18702 | D:11     | Killed a skeletal warrior
 18772 | D:12     | Noticed Kirke
 18845 | Lair:1   | Entered Level 1 of the Lair of Beasts
 18908 | Lair:1   | Reached skill level 1 in Invocations
 18918 | Lair:1   | Reached skill level 1 in Staves
 19005 | Lair:1   | Found a sacrificial altar of Ru.
 19006 | Lair:1   | Found a dark tunnel.
 19016 | Volcano  | Entered a volcano
 19908 | Lair:1   | Found a transporter.
 19908 | Lair:1   | Noticed a boulder beetle
 19909 | Lair:1   | Found a transporter.
 19909 | Lair:1   | Noticed a boulder beetle
 20590 | Lair:2   | Found a hole to the Spider Nest.
 20666 | Lair:2   | Reached XP level 13. HP: 54/90 MP: 0/0
 20666 | Lair:2   | Learned a level 5 spell: Freezing Cloud
 20832 | Lair:2   | Noticed a catoblepas
 22166 | Lair:2   | Reached skill level 5 in Invocations
 22393 | Lair:3   | Reached skill level 5 in Armour
 22596 | Lair:3   | Noticed a five-headed hydra
 22603 | Lair:3   | Killed a five-headed hydra
 22624 | Lair:3   | Noticed an eleionoma
 22626 | Lair:3   | Found a staircase to the Swamp.
 22638 | Lair:3   | Killed an eleionoma
 22848 | Lair:3   | Noticed a seven-headed hydra
 22862 | Lair:3   | Killed a seven-headed hydra
 23074 | Lair:3   | Identified the +5 leather armour of the Cuttlefish {Rampage
                  | rCorr Str-2 Stlth+}
 24426 | Lair:4   | Reached skill level 5 in Staves
 24680 | Lair:4   | Reached XP level 14. HP: 98/98 MP: 0/0
 25086 | Lair:5   | Entered Level 5 of the Lair of Beasts
 25147 | Lair:5   | Found a runed translucent door.
 25152 | Lair:5   | Found a viscous altar of Jiyva.
 25153 | Lair:5   | Found a staircase to the Slime Pits.
 25153 | Lair:5   | Noticed an azure jelly
 25153 | Lair:5   | Noticed an azure jelly
 25153 | Lair:5   | Noticed an azure jelly
 25594 | Lair:5   | Reached skill level 10 in Invocations
 26398 | Lair:5   | Found a large runed translucent door.
 26691 | Lair:5   | Found a large runed translucent door.
 26713 | Lair:5   | Reached ****** piety under Makhleb
 27357 | D:9      | Reached XP level 15. HP: 101/103 MP: 0/0
 27357 | D:9      | Learned a level 6 spell: Death Channel
 27448 | Orc:1    | Entered Level 1 of the Orcish Mines
 27974 | Orc:2    | Entered Level 2 of the Orcish Mines
 28418 | Orc:2    | Noticed Erolcha
 28484 | Orc:2    | Killed Erolcha
 29121 | Orc:2    | Found a staircase to the Elven Halls.
 29368 | Orc:2    | Reached skill level 5 in Stealth
 30091 | Orc:2    | Found Jacunuha's Antique Weapon Shoppe.
 30091 | Orc:2    | Found Satheb's Assorted Antiques.
 30093 | Orc:2    | Found Wis Ifu's Weapon Shoppe.
 30093 | Orc:2    | Found Arecigaw's Magic Scroll Shop.
 30103 | Orc:2    | Bought a scroll of identify for 68 gold pieces
 30103 | Orc:2    | Bought a dented diamond amulet for 170 gold pieces
 30110 | Orc:2    | Bought a crystal short sword for 184 gold pieces
 30110 | Orc:2    | Identified the +1 short sword of True Grit {protect, rElec
                  | rPois rN+ SInv} (You bought it in a shop on level 2 of the
                  | Orcish Mines)
 30870 | D:12     | Noticed Sonja
 30873 | D:12     | Killed Sonja
 30985 | D:12     | Noticed Acagg's ghost (journeyman TeSu)
 30985 | D:12     | Noticed a lich
 31044 | D:12     | Noticed Rupert
 31073 | D:12     | Paralysed by Rupert for 4 turns
 31623 | D:13     | Noticed Frances
 32722 | D:12     | Found a runed translucent door.
 32727 | D:12     | Found Xyosokk's Armour Shoppe.
 32824 | Swamp:1  | Entered Level 1 of the Swamp
 33730 | Spider:1 | Entered Level 1 of the Spider Nest
 33843 | Spider:1 | Noticed Jorgrun
 33865 | Spider:1 | Killed Jorgrun
 34225 | Lair:2   | Upgraded the game from 0.31-a0-1612-g4aaf141004 to
                  | 0.31-a0-1626-g5cb510d322
 34951 | Swamp:1  | Reached XP level 16. HP: 92/112 MP: 0/0
 35385 | Swamp:1  | Reached skill level 13 in Dodging
 35515 | Swamp:2  | Noticed a fenstrider witch
 35515 | Swamp:2  | Noticed a thorn hunter
 35515 | Swamp:2  | Found a transporter.
 35541 | Swamp:2  | Found a transporter.
 36023 | Swamp:2  | Noticed a thorn hunter
 36045 | Swamp:2  | Demolished by a thorn hunter

Illustrated notes

Levels and vault maps discovered:
D:1:      matt_arrival_grand_opening, layout_basic,
          shapermc_ecumenical_altar_totnotflames
D:2:      wad_pebble_path, layout_loops_ring, nicolae_half_adder
D:3:      layout_rooms, mainiacjoe_overflow_surrounded_room, serial_park_tiny_1,
          chequers_jeans, nicolae_kite_square_tiling_tiny
D:4:      minmay_wonky_spiral, layout_basic, okawaru_metal_pillars_1_2,
          minmay_temple_entry_water_ring
D:5:      layout_cave_pools
D:6:      layout_loops_ring, mainiacjoe_overflow_swirl,
          ebering_ghost_disaster_area, minmay_parallelograms,
          minmay_fractal_squares_diagonal_5
D:7:      layout_layer_cave, uniq_maurice
D:8:      minmay_the_grid_triangle_9x9_rhombus_full
          [minmay_the_grid_triangle_9x9_corrupted_corridor,
          minmay_the_grid_triangle_9x9_odd_lines,
          minmay_the_grid_triangle_9x9_cache,
          minmay_the_grid_triangle_9x9_longest,
          minmay_the_grid_triangle_9x9_alien,
          minmay_the_grid_triangle_9x9_dagger,
          minmay_the_grid_triangle_9x9_pentomino_pain,
          minmay_the_grid_triangle_9x9_prize_top_heavy], layout_basic,
          nicolae_sif_muna_condensation, uniq_grum, uniq_joseph
D:9:      layout_roguey, grunt_temple_overflow_diamond, zombieorc1_lemuel,
          grunt_ministairs_9, minivault_23, wad_floor_pattern_untrapped,
          uniq_pikel
D:10:     layout_roguey, mainiacjoe_overflow_24_doors, kennysheep_little_box,
          serial_shops, shop_statue, uniq_josephine
D:11:     layout_loops_corners, erik_lair_orcish_takeover, special_room
          [special_room_orc]
D:12:     layout_cave_pools, muffindrake_ghost_dual_entry, serial_shops, shop,
          uniq_kirke, uniq_sonja, uniq_rupert
D:13:     layout_long_grid, uniq_frances
Temple:   hellmonk_temple_forest_ring
Lair:1:   gammafunk_boulding_lane, layout_big_grid,
          nicolae_volcano_entry_lava_flow, basic_altar, beast_lair_carwin_3
Lair:2:   layout_roguey, spider_nest_entry_web_field, kennysheep_rathole,
          lemuel_fruit_fields
Lair:3:   layout_roguey, alex1729_swamp_entry_worm_eleionoma,
          dreamdust_gnoll_shepherd, grunt_megastairs_1,
          infiniplex_staircase_pool_2, serial_bayou_shore_b, lemuel_fruit_fields
Lair:4:   layout_gridlike, lemuel_fruit_fields
Lair:5:   cheibrodos_lair_end_hotspot, layout_regular_city, slime_entry_2,
          portal_ice_cave_demonic_guard
Swamp:1:  nicolae_swamp_wrong_neighborhood, layout_basic_swamp,
          hangedman_swamp_diagram, swamp_pool_1_2, nicolae_swamp_some_circles,
          nicolae_swamp_tree_isthmus
Swamp:2:  gammafunk_sealed_arena, layout_basic_swamp, nicolae_swamp_treefoil
Spider:1: layout_chambers, beargit_elvish_explorers,
          hangedman_spider_tarantella_strand, uniq_roxanne, uniq_jorgrun,
          uniq_mlioglotl
Orc:1:    layout_caves, minmay_orc_temple_b
Orc:2:    grunt_orc_tribal_feast, layout_caves, uniq_erolcha

Skill      XL: |  1  2  3  4  5  6  7  8  9 10 11 12 13 14 15 16 |
---------------+-------------------------------------------------+-----
Stealth        | 2 3 4 5 6 |  6.0
Fighting       | 1 2 3 4 5 6 7 8 9 |  9.4
Dodging        | 3 4 7 8 10 11 12 13 | 13.1
Spellcasting   | 4 6 7 9 10 11 12 | 12.3
Conjurations   | 4 6 7 9 10 11 12 | 12.3
Hexes          | 4 6 7 9 10 11 12 | 12.3
Summonings     | 4 6 7 9 10 11 12 | 12.3
Necromancy     | 4 6 7 9 10 11 12 | 12.3
Translocations | 4 6 7 9 10 11 12 | 12.3
Fire Magic     | 4 6 7 9 10 11 12 | 12.3
Ice Magic      | 4 6 7 9 10 11 12 | 12.3
Air Magic      | 4 6 7 9 10 11 12 | 12.3
Earth Magic    | 4 6 7 9 10 11 12 | 12.3
Alchemy        | 4 6 7 9 10 11 12 | 12.3
Armour         | 2 4 6 7 |  7.8
Evocations     | 3 5 |  5.3
Invocations    | 3 8 10 11 | 11.1
Staves         | 2 5 7 8 |  8.3

Action                     |  1- 3 |  4- 6 |  7- 9 | 10-12 | 13-15 | 16-18 || total
---------------------------+-------+-------+-------+-------+-------+-------++-------
  Melee: Dagger            |     5 |     7 |    15 |    91 |       |       ||   118
         Punch             |       |       |     1 |     3 |     4 |       ||     8
         Staff             |       |       |       |    19 |   143 |       ||   162
         Short sword       |       |       |       |       |     5 |       ||     5
  Throw: Throwing net      |       |       |       |       |     1 |       ||     1
   Cast: Magic Dart        |    55 |   128 |    55 |    51 |     1 |       ||   290
         Slow              |       |    12 |     8 |     2 |     2 |       ||    24
         Apportation       |       |     5 |       |     2 |     1 |       ||     8
         Call Imp          |       |     7 |     2 |     8 |     1 |       ||    18
         Scorch            |       |    13 |   128 |   471 |   161 |    13 ||   786
         Blink             |       |     1 |     1 |     2 |     9 |       ||    13
         Confusing Touch   |       |       |     1 |     9 |     5 |     1 ||    16
         Tukima's Dance    |       |       |    13 |    88 |    51 |       ||   152
         Mephitic Cloud    |       |       |       |    49 |    31 |       ||    80
         Arcjolt           |       |       |       |    24 |    59 |    12 ||    95
         Freezing Cloud    |       |       |       |       |   249 |    26 ||   275
         Death Channel     |       |       |       |       |     1 |       ||     1
 Invoke: Greater Servant o |       |       |       |     1 |       |       ||     1
         Lesser Servant of |       |       |       |       |     3 |       ||     3
Ability: Begin Untransform |       |       |       |       |     1 |       ||     1
  Evoke: Wand              |       |       |     2 |       |     9 |       ||    11
    Use: Scroll            |       |     2 |     3 |     8 |    12 |       ||    25
         Potion            |       |       |       |     6 |     3 |     1 ||    10
   Stab: Sleeping          |     1 |       |     2 |       |     1 |       ||     4
         Distracted        |       |     1 |       |       |     2 |       ||     3
         Paralysed         |       |       |     4 |       |       |       ||     4
         Confused          |       |       |       |    15 |    17 |       ||    32
 Armour: Robe              |     8 |    30 |    32 |    18 |       |       ||    88
         Leather armour    |       |       |       |   176 |   198 |    19 ||   393
  Dodge: Dodged            |     6 |    65 |   153 |   510 |   410 |    22 ||  1166
   Form: Blade             |       |       |       |       |     1 |       ||     1

Table legend: (Time is in decaauts)
 A = Elapsed time spent in this place.
 B = Non-inter-level travel time spent in this place.
 C = Inter-level travel time spent in this place.
 D = Time resting spent in this place.
 E = Time spent auto-exploring this place.
 F = Levels seen in this place.
 G = Mean time per level.
                   A        B        C        D        E       F      G
               +--------+--------+--------+--------+--------+-----+--------+
         Total |  36147 |  33967 |   2180 |   9672 |   9293 |  25 | 1445.9 |
       Dungeon |  21956 |  20243 |   1713 |   5697 |   6478 |  13 | 1688.9 |
        Temple |     48 |     31 |     17 |      0 |      0 |   1 |   48.0 |
          Lair |   9061 |   8695 |    366 |   2761 |   1938 |   5 | 1812.2 |
         Swamp |   1652 |   1626 |     26 |    292 |    400 |   2 |  826.0 |
   Spider Nest |    444 |    442 |      2 |     57 |      5 |   1 |  444.0 |
  Orcish Mines |   2786 |   2730 |     56 |    769 |    472 |   2 | 1393.0 |
       Volcano |    198 |    198 |      0 |     96 |      0 |   1 |  198.0 |
               +--------+--------+--------+--------+--------+-----+--------+

Top non-repeatable levels by time:
    D:11: 2889 daAuts
     D:8: 2775 daAuts
     D:9: 2767 daAuts
     D:7: 2585 daAuts
  Lair:3: 2483 daAuts
  Lair:2: 2331 daAuts
    D:10: 2184 daAuts
  Lair:5: 2134 daAuts
     D:6: 1624 daAuts
    D:13: 1603 daAuts
   Orc:2: 1546 daAuts
     D:4: 1480 daAuts
  Lair:4: 1250 daAuts
   Orc:1: 1239 daAuts
 Swamp:1: 1122 daAuts
